Map: Dragon Scales LE

Players

ShoWTimE - Winner!

  • Race: Protoss Protoss
  • Spawn Location: 11:00

RagnaroK (SHIN)

  • Race: Zerg Zerg
  • Spawn Location: 5:00

Event: ESL SC2 Masters 2023 Summer (Finals)

VOD

Have the link to the VOD?

Description

Time

  • Played on: June 16, 2023, 2:15 p.m.
  • Length: 18:00

All games in this series

Show
View Real Time Build Order
Export as new Build Order

ShoWTimE Protoss - Winner!

Build Orders: 1 Gate Expand, Oracle Opening 

Get SALT Encoding   

  12  0:00  Probe  
  13  0:12  Probe  
  14  0:18  Pylon  
  14  0:24  Probe  
  15  0:36  Probe (Chrono Boost)  
  15  0:40  Gateway  
  16  0:46  Probe (Chrono Boost)  
  16  0:49  Assimilator  
  17  0:51  Probe (Chrono Boost)  
  18  1:03  Probe  
  19  1:15  Probe  
  20  1:27  Nexus  
  20  1:37  Cybernetics Core  
  20  1:39  Probe  
  21  1:45  Assimilator  
  21  1:52  Probe  
  22  1:55  Pylon  
  22  2:04  Probe  
  23  2:10  Adept (Chrono Boost)  
  25  2:16  Probe  
  25  2:22  Stargate  
  26  2:28  Probe  
  27  2:31  Adept (Chrono Boost)  
  27  2:36  Warp Gate  
  29  2:39  Probe (Chrono Boost)  
  31  2:46  Probe (Chrono Boost)  
  31  2:49  Probe (Chrono Boost)  
  32  2:53  Probe (Chrono Boost), Adept  
  32  2:54  Probe (Chrono Boost)  
  36  3:03  Pylon  
  36  3:04  Probe  
  37  3:05  Probe  
  37  3:07  Oracle (Chrono Boost)  
  41  3:16  Probe  
  41  3:18  Probe  
  43  3:23  Adept  
  45  3:28  Probe, Gateway  
  45  3:30  Probe  
  47  3:34  Pylon  
  47  3:41  Probe, Oracle (Chrono Boost)  
  48  3:42  Probe  
  52  3:53  Probe  
  52  3:54  Probe  
  54  4:04  Nexus  
  54  4:07  Probe x2  
  54  4:09  Pylon  
  56  4:13  Oracle (Chrono Boost)  
  56  4:14  Assimilator  
  59  4:19  Assimilator  
  59  4:21  Probe  
  59  4:23  Probe  
  61  4:32  Adept x2  
  61  4:33  Probe  
  61  4:35  Probe  
  67  4:42  Oracle (Chrono Boost)  
  67  4:44  Pylon  
  67  4:45  Forge  
  70  4:56  Robotics Facility  
  70  4:58  Pylon  
  70  5:02  Probe x2  
  70  5:04  Adept  
  70  5:07  Adept  
  76  5:11  Pylon  
  76  5:14  Probe x2  
  76  5:18  Protoss Ground Weapons Level 1  
  76  5:21  Probe  
  79  5:26  Probe x2  
  81  5:31  Gateway  
  81  5:33  Probe  
  81  5:35  Sentry x2  
  86  5:37  Pylon  
  86  5:38  Probe x2  
  88  5:43  Shield Battery  
  88  5:45  Probe (Chrono Boost)  
  88  5:47  Observer  
  90  5:51  Probe (Chrono Boost), Robotics Bay  
  90  5:56  Probe (Chrono Boost)  
  93  5:57  Probe (Chrono Boost)  
  93  6:00  Probe (Chrono Boost)  
  93  6:02  Probe (Chrono Boost)  
  93  6:04  Probe (Chrono Boost)  
  96  6:05  Probe (Chrono Boost)  
  93  6:11  Probe  
  93  6:13  Immortal  
  93  6:14  Probe  
  93  6:15  Twilight Council  
  93  6:17  Probe  
  100  6:18  Photon Cannon  
  100  6:20  Photon Cannon  
  100  6:23  Shield Battery  
  100  6:25  Zealot, Photon Cannon  
  102  6:29  Zealot x2  
  102  6:30  Probe  
  102  6:31  Probe  
  106  6:40  Pylon  
  106  6:43  Assimilator  
  106  6:44  Gateway  
  106  6:46  Gateway, Assimilator  
  106  6:48  Gateway  
  106  6:51  Gateway  
  106  6:57  Probe, Warp Prism (Chrono Boost)  
  109  7:04  Pylon  
  109  7:09  Zealot x3  
  111  7:28  Probe  
  110  7:31  Disruptor (Chrono Boost)  
  110  7:35  Protoss Ground Weapons Level 2  
  110  7:36  Charge  
  113  7:43  Nexus  
  113  7:44  Pylon  
  113  7:45  Probe  
  113  7:46  Probe  
  113  7:49  Dark Shrine  
  115  7:56  Pylon, Stalker  
  115  7:57  Probe, Disruptor (Chrono Boost)  
  115  7:58  Probe x2  
  123  8:07  Photon Cannon  
  123  8:08  Shield Battery  
  123  8:10  Stalker x6, Shield Battery  
  135  8:15  Probe  
  135  8:16  Probe  
  135  8:17  Assimilator  
  134  8:21  Assimilator  
  134  8:23  Disruptor (Chrono Boost)  
  134  8:24  Probe  
  138  8:28  Probe  
  138  8:30  Gateway  
  138  8:33  Phoenix  
  140  8:36  Stalker  
  140  8:37  Stalker x2  
  140  8:40  Probe (Chrono Boost)  
  141  8:43  Probe (Chrono Boost)  
  141  8:45  Probe (Chrono Boost)  
  131  8:53  Probe (Chrono Boost)  
  131  8:55  Probe (Chrono Boost)  
  133  9:00  Probe x2 (Chrono Boost)  
  133  9:01  Probe (Chrono Boost)  
  133  9:02  Probe (Chrono Boost)  
  136  9:07  Probe x2  
  136  9:09  Dark Templar x5  
  148  9:12  Probe, Archon x2  
  148  9:14  Dark Templar  
  151  9:17  Pylon  
  151  9:20  Probe x3  
  151  9:22  Archon  
  154  9:30  Dark Templar  
  156  9:34  Disruptor (Chrono Boost)  
  159  9:40  Pylon  
  159  9:43  Pylon  
  159  9:48  Zealot x5  
  159  9:51  Zealot  
  144  9:58  Probe x4  
  139  10:03  Zealot  
  139  10:05  Disruptor (Chrono Boost), Dark Templar  
  144  10:08  Dark Templar x2  
  144  10:09  Dark Templar x3  
  143  10:18  Zealot  
  133  10:23  Archon x3, Shield Battery  
  133  10:24  Shield Battery  
  133  10:27  Photon Cannon  
  133  10:30  Dark Templar  
  133  10:34  Disruptor (Chrono Boost)  
  138  10:36  Gateway, Photon Cannon  
  138  10:38  Archon  
  138  10:45  Zealot x2  
  138  10:46  Zealot x4  
  148  10:55  Disruptor (Chrono Boost)  
  148  10:56  Zealot  
  131  11:09  Pylon  
  131  11:10  Dark Templar x5  
  141  11:14  Archon x2  
  141  11:15  Gateway  
  141  11:16  Dark Templar  
  143  11:19  Assimilator  
  143  11:22  Photon Cannon  
  143  11:26  Disruptor (Chrono Boost)  
  143  11:29  Pylon  
  143  11:31  Dark Templar x2  
  143  11:32  Protoss Ground Weapons Level 3 (Chrono Boost)  
  150  11:37  Archon  
  150  11:40  Archon  
  150  11:47  Dark Templar x3  
  156  11:51  Dark Templar, Archon  
  156  12:03  Dark Templar x2  
  160  12:09  Archon  
  160  12:10  Dark Templar  
  160  12:14  Pylon  
  162  12:15  Archon  
  162  12:18  Dark Templar x2  
  162  12:20  Nexus  
  162  12:21  Pylon  
  166  12:23  Pylon, Archon  
  166  12:33  Zealot x3  
  169  12:38  Blink (Chrono Boost)  
  169  12:42  Gateway  
  155  12:47  Zealot x2, Gateway, Assimilator  
  155  12:48  Pylon  
  155  12:50  Gateway  
  159  12:52  Gateway, Photon Cannon  
  159  12:53  Zealot  
  159  12:55  Zealot  
  159  12:56  Gateway  
  159  12:58  Probe x2, Gateway  
  165  13:10  Dark Templar x4  
  166  13:15  Archon x2  
  166  13:18  Zealot x3  
  138  13:22  Disruptor  
  138  13:23  Probe (Chrono Boost)  
  138  13:24  Probe x2 (Chrono Boost)  
  127  13:29  Probe (Chrono Boost)  
  130  13:34  Probe x2 (Chrono Boost)  
  130  13:35  Probe (Chrono Boost)  
  130  13:38  Probe (Chrono Boost)  
  130  13:39  Probe x3 (Chrono Boost)  
  125  13:41  Dark Templar  
  125  13:42  Dark Templar  
  125  13:46  Archon  
  129  13:48  Probe  
  129  13:50  Probe x2  
  129  13:51  Probe  
  132  13:57  Dark Templar x2  
  132  14:00  Probe  
  132  14:02  Probe, Archon  
  138  14:07  Gateway  
  138  14:11  Dark Templar x2  
  138  14:13  Warp Prism (Chrono Boost)  
  144  14:18  Archon  
  144  14:24  Dark Templar x2  
  148  14:29  Archon  
  148  14:35  Zealot x4  
  156  14:47  Dark Templar x3  
  156  14:52  Archon  
  162  14:53  Templar Archives  
  162  14:54  Pylon  
  162  14:57  Zealot x3  
  168  15:06  Dark Templar x2  
  172  15:10  Archon  
  172  15:18  Zealot x4  
  180  15:34  High Templar x3  
  180  15:35  High Templar  
  188  15:38  Archon  
  188  15:39  Archon  
  182  15:44  Nexus, High Templar x4  
  182  15:45  High Templar x3  
  182  15:48  Archon x3  
  196  15:52  Archon  
  196  16:09  Zealot  
  189  16:22  High Templar x3  
  189  16:23  High Templar  
  189  16:24  Zealot x7  
  181  16:25  Probe x2  
  181  16:27  Archon x2  
  181  16:37  Pylon  
  181  16:38  Pylon  
  178  16:41  Pylon  
  172  17:07  Pylon  
  168  17:12  Stalker x8  
  141  17:36  Zealot x3  
Show
View Real Time Build Order
Export as new Build Order

RagnaroK Zerg 

Build Orders: Hatch First 

Get SALT Encoding   

  12  0:00  Drone  
  13  0:08  Drone  
  14  0:16  Overlord  
  14  0:40  Hatchery  
  13  0:43  Drone  
  13  0:47  Drone  
  15  0:51  Drone  
  15  0:55  Drone  
  17  1:06  Drone  
  18  1:11  Extractor  
  18  1:16  Spawning Pool  
  16  1:19  Drone  
  17  1:26  Drone  
  18  1:37  Drone  
  19  1:48  Drone  
  19  1:52  Drone  
  21  2:02  Queen x2  
  21  2:03  Zergling x4  
  27  2:13  Overlord  
  27  2:15  Drone  
  28  2:26  Metabolic Boost  
  28  2:32  Drone x2  
  28  2:33  Drone  
  28  2:35  Drone  
  32  2:42  Hatchery  
  31  2:45  Drone  
  32  2:51  Queen  
  32  2:56  Zergling x2  
  32  2:58  Overlord  
  35  3:01  Zergling x2  
  36  3:10  Overlord  
  36  3:15  Queen  
  36  3:16  Drone x3  
  36  3:18  Drone  
  42  3:21  Drone  
  42  3:24  Drone  
  44  3:29  Queen  
  44  3:32  Drone  
  47  3:35  Spore Crawler  
  47  3:36  Drone  
  47  3:39  Drone  
  49  3:41  Drone  
  49  3:51  Queen  
  49  3:52  Drone  
  49  3:54  Overlord  
  52  3:56  Overlord  
  52  4:00  Spore Crawler  
  52  4:02  Zergling x6  
  54  4:05  Queen  
  54  4:08  Drone  
  54  4:09  Evolution Chamber  
  56  4:11  Zergling x2  
  56  4:14  Drone x2  
  56  4:16  Drone  
  60  4:19  Drone  
  60  4:21  Drone x2  
  63  4:26  Drone  
  63  4:27  Drone x2  
  63  4:29  Drone  
  67  4:33  Drone x3  
  67  4:37  Zerg Melee Weapons Level 1  
  70  4:38  Drone  
  70  4:40  Drone  
  72  4:46  Drone x2  
  72  4:48  Overlord  
  72  4:50  Overlord  
  74  4:53  Extractor, Overlord  
  74  4:56  Overlord  
  73  5:01  Baneling Nest  
  73  5:05  Overlord  
  72  5:08  Zergling x12  
  72  5:10  Zergling x2  
  72  5:12  Zergling x2  
  72  5:13  Zergling x2  
  81  5:14  Drone  
  81  5:15  Drone  
  81  5:18  Spore Crawler  
  81  5:19  Zergling x4  
  84  5:23  Drone x3  
  84  5:25  Drone  
  88  5:30  Drone x4  
  92  5:37  Hatchery  
  92  5:41  Lair  
  91  5:47  Drone  
  91  5:48  Drone x5  
  97  5:51  Zergling x2  
  97  5:52  Zergling x2  
  97  5:55  Roach Warren  
  97  5:56  Extractor, Drone  
  98  5:58  Extractor  
  98  6:00  Drone x3  
  98  6:03  Drone x4  
  103  6:05  Drone x2  
  103  6:08  Drone  
  103  6:09  Drone x2  
  108  6:14  Overlord  
  108  6:17  Drone x2  
  110  6:22  Extractor  
  110  6:24  Overlord  
  101  6:36  Overlord  
  101  6:37  Zergling x16  
  109  6:41  Queen  
  109  6:43  Centrifugal Hooks  
  109  6:44  Zerg Melee Weapons Level 2  
  111  6:48  Overseer  
  111  6:50  Overlord  
  111  6:51  Zergling x10  
  116  6:54  Glial Reconstitution  
  116  6:57  Drone x3  
  116  6:59  Overlord, Spore Crawler  
  116  7:00  Drone x5  
  120  7:11  Zergling x2  
  120  7:12  Zergling x10  
  117  7:21  Hatchery  
  117  7:22  Roach x3  
  116  7:25  Roach  
  116  7:26  Roach x3  
  116  7:27  Roach  
  116  7:28  Roach x5  
  134  7:33  Roach  
  136  7:39  Roach  
  136  7:40  Roach x5  
  136  7:43  Overlord  
  147  7:45  Roach  
  147  7:47  Roach  
  147  7:48  Roach  
  153  7:54  Roach, Overlord  
  153  7:55  Roach  
  153  7:58  Roach  
  159  7:59  Overlord x2  
  159  8:01  Overlord x5  
  159  8:04  Roach  
  159  8:13  Baneling  
  159  8:14  Baneling x14  
  159  8:16  Roach, Zergling x2  
  159  8:17  Zergling x10  
  167  8:23  Roach x4  
  167  8:24  Baneling x5  
  167  8:25  Baneling x2  
  175  8:27  Zergling x6  
  175  8:33  Zergling x8  
  175  8:34  Zergling x2  
  177  8:39  Zergling x14  
  177  8:41  Ravager x2  
  179  8:46  Zergling x4  
  180  8:48  Spore Crawler  
  180  8:49  Zergling x4  
  180  8:55  Zergling x22  
  185  8:59  Zergling x2  
  185  9:01  Zerg Missile Weapons Level 1  
  185  9:02  Roach, Zergling x2  
  184  9:03  Baneling x8  
  184  9:05  Baneling x2  
  184  9:07  Zergling x10  
  189  9:11  Zergling x2  
  189  9:12  Baneling  
  189  9:13  Baneling x3  
  189  9:14  Zergling x4  
  189  9:16  Zergling x2  
  193  9:18  Zergling x2  
  193  9:21  Baneling x5, Zergling x2  
  193  9:22  Zergling x8  
  199  9:27  Overlord  
  199  9:33  Baneling x6  
  186  9:47  Roach, Zergling x32  
  186  9:52  Roach, Zergling x18  
  190  9:56  Roach  
  183  10:01  Baneling x6  
  183  10:04  Zergling x20  
  192  10:10  Zergling x2  
  172  10:15  Zergling x8  
  172  10:19  Overseer  
  172  10:20  Roach x7, Overseer  
  167  10:21  Roach x3  
  167  10:23  Baneling x4  
  167  10:26  Baneling x2  
  167  10:27  Zergling x6  
  172  10:29  Baneling  
  172  10:31  Zergling x8  
  172  10:32  Baneling  
  172  10:33  Baneling  
  176  10:37  Roach, Zergling x2  
  176  10:38  Zergling x8  
  176  10:41  Zergling x2  
  176  10:42  Baneling x4  
  184  10:47  Roach x3  
  180  10:51  Roach, Zergling x2  
  180  10:52  Zergling x10  
  180  10:56  Roach, Zergling x6  
  168  10:59  Zergling x8  
  168  11:01  Zergling x2  
  168  11:02  Zergling x4  
  168  11:04  Baneling x6  
  163  11:05  Baneling x2  
  163  11:10  Baneling x3  
  162  11:13  Zergling x16  
  162  11:15  Overseer  
  171  11:18  Zergling x10  
  171  11:22  Baneling x4  
  175  11:28  Baneling  
  175  11:29  Baneling x3  
  175  11:30  Zergling x20  
  185  11:33  Extractor  
  185  11:35  Drone x2  
  185  11:36  Extractor  
  185  11:38  Baneling x5  
  183  11:40  Zergling x10  
  183  11:42  Baneling x2  
  183  11:46  Drone x3  
  191  11:47  Extractor  
  191  11:49  Zergling x12  
  196  11:54  Baneling  
  196  11:55  Baneling x6  
  193  12:02  Roach, Zergling x10  
  193  12:04  Baneling x4  
  193  12:05  Baneling  
  199  12:12  Infestation Pit  
  199  12:13  Zergling x4  
  199  12:14  Baneling x2  
  200  12:28  Baneling x11  
  198  12:33  Zergling x20  
  198  12:34  Zergling x4  
  198  12:36  Drone x3  
  199  12:39  Baneling x7  
  199  12:40  Baneling  
  199  12:43  Zergling x14  
  200  12:46  Baneling x4  
  200  12:50  Extractor  
  199  12:51  Baneling x3  
  199  13:00  Hive  
  194  13:08  Roach, Zergling x28  
  194  13:11  Roach, Zergling x2  
  194  13:12  Zergling x10  
  180  13:16  Roach, Zergling x2  
  180  13:17  Zergling x4  
  156  13:22  Roach, Zergling x8  
  156  13:23  Zergling x2  
  153  13:30  Roach x4  
  158  13:34  Zergling x2  
  158  13:35  Roach, Zergling x4  
  158  13:40  Baneling x10  
  163  13:42  Roach  
  163  13:46  Roach x2  
  168  13:49  Baneling x9  
  168  13:50  Baneling  
  168  13:51  Overseer  
  168  13:56  Roach x4  
  168  13:58  Drone x2  
  168  13:59  Drone  
  179  14:04  Drone x2  
  179  14:08  Spire  
  180  14:11  Roach x2, Zergling x6  
  180  14:16  Baneling x6  
  187  14:21  Drone x2  
  187  14:22  Drone x2  
  187  14:23  Drone  
  187  14:24  Extractor  
  191  14:25  Zergling x8  
  191  14:28  Extractor  
  194  14:37  Zerg Melee Weapons Level 3  
  190  14:58  Adrenal Glands  
  186  15:04  Overseer x3  
  185  15:17  Hatchery  
  177  15:21  Greater Spire  
  177  15:22  Corruptor  
  177  15:23  Corruptor x7  
  191  15:30  Roach, Zergling x14  
  187  15:46  Roach, Zergling x14  
  196  15:53  Spore Crawler  
  188  15:58  Corruptor x2  
  142  16:33  Overlord x2, Brood Lord x10  
  142  16:34  Overlord x3  
  144  16:47  Roach x7, Hydralisk Den  
  144  16:52  Overlord  
  154  16:56  Overlord  
  97  17:42  Drone x3  
Tags
 
Add a new tag
Caveats
  • Supply blocks, unpowered buildings, or Contaminate may cause inaccurate times.
  • Supply counts are checked every 10 seconds.